 Dungeon Crawl Stone Soup version 0.26-a0-661-g406de6ba63 (webtiles) character file.

Game seed: 1765337302580214204

1651 grandjackal the Skirmisher (level 8, -2/65 HPs)
             Began as a Demonspawn Gladiator on Oct 8, 2020.
             Blown up by Maggie (26 damage)
             ... with a disintegration bolt
             ... on level 6 of the Dungeon.
             The game lasted 00:07:17 (6610 turns).

grandjackal the Skirmisher (Demonspawn Gladiator)   Turns: 6610, Time: 00:07:18

Health: -2/65      AC: 16    Str: 16    XL:     8   Next: 68%
Magic:  0/8        EV: 15    Int: 10    God:
Gold:   362        SH:  0    Dex: 15    Spells: 7/7 levels left

rFire    . . .     SeeInvis .   a - +0 long sword
rCold    + + .     Faith    .   (no shield)
rNeg     . . .     Spirit   +   F - +2 leather armour {rC+}
rPois    .         Reflect  .   (helmet restricted)
rElec    .         Harm     .   (no cloak)
rCorr    +         Rampage  .   E - +0 pair of gloves
MR       +....                  (no boots)
Stlth    +.........             h - amulet of guardian spirit
HPRegen  0.20/turn              g - ring of resist corrosion
MPRegen  0.11/turn              p - ring of protection from magic

@: mesmerised
A: horns 2, cold resistance 1, icemail, freezing cloud immunity
a: no special abilities


You were on level 6 of the Dungeon.
You visited 1 branch of the dungeon, and saw 6 of its levels.

You collected 362 gold pieces.

Inventory:

Hand Weapons
 a - a +0 long sword (weapon)
 t - a +0 rapier
 B - a +1 dagger of protection
Missiles
 d - 2 throwing nets (quivered)
Armour
 o - a +0 buckler
 C - a +2 chain mail of fire resistance
 E - a +0 pair of gloves (worn)
 F - a +2 leather armour of cold resistance (worn)
Jewellery
 g - a ring of resist corrosion (left hand)
 h - an amulet of guardian spirit (around neck)
 p - a ring of protection from magic (right hand)
Wands
 e - a wand of flame (24)
 A - a wand of disintegration (9)
 G - a wand of paralysis (11)
Scrolls
 c - 2 scrolls of remove curse {unknown}
 f - a scroll of enchant weapon {unknown}
 m - a scroll of magic mapping {unknown}
 n - 7 scrolls of identify {unknown}
 s - 4 scrolls of teleportation {unknown}
 u - a scroll of enchant armour {unknown}
 y - a scroll of fear {unknown}
 z - 2 scrolls of amnesia {unknown}
Potions
 b - 5 potions of curing
 i - a potion of resistance {unknown}
 j - a potion of magic {unknown}
 k - a potion of degeneration {unknown}
 l - a potion of berserk rage
 q - a potion of ambrosia {unknown}
 r - 4 potions of might {unknown}
 v - 2 potions of haste {unknown}
 w - a potion of cancellation {unknown}
 x - a potion of brilliance {unknown}
 D - a potion of stabbing {unknown}
 H - a potion of flight {unknown}


   Skills:
 + Level 6.6 Fighting
 + Level 6.4 Long Blades
 - Level 1.7 Throwing
 + Level 6.4 Dodging


You had 7 spell levels left.
You didn't know any spells.
Your spell library was empty.

Dungeon Overview and Level Annotations

Branches:
Dungeon (6/15)
 Temple: D:4-7

Altars:
Ashenzari
Hepliaklqana
Kikubaaqudgha
Wu Jian

Annotations:
D:6 Maggie


Innate Abilities, Weirdness & Mutations

You have a pair of horns on your head.
Your flesh is cold resistant. (rC+)
A meltable icy envelope protects you from harm. (AC +10)
You are immune to freezing clouds.


Message History

Maggie hits you with a +0 war axe!
You hit Maggie.
Maggie is severely wounded.
Maggie hits you with a +0 war axe.
You slash Maggie!
Maggie is severely wounded.
Maggie zaps a wand.
You are blasted!
You are too injured to fight recklessly!
You are too injured to fight recklessly!
You are too injured to fight recklessly!
You are too injured to fight recklessly!
You are too injured to fight recklessly!
Throwing (i - inventory)
d - 3 throwing nets (quivered)
Press: ? - help, Shift-Dir - straight line, f - Maggie
Aim: Maggie, wielding a +0 war axe, wearing +0 swamp dragon scales and carrying a wand of disintegration (15) (severely wounded, mesmerising)
You throw a throwing net. The throwing net hits Maggie.
Maggie is caught in the net!
Maggie is severely wounded.
Maggie zaps a wand.
You are blasted!
You die...

# ##########.#####
#.......@@......
#.#####...######
#########.####.#.#.#
................)#.#
##############.### #
# ## # # #


You could see Maggie (mesmerising, caught).

Vanquished Creatures
  Menkaure (D:4)
  Duvessa (D:4)
  An ice beast (D:5)
  2 sky beasts
  An ogre (D:6)
  2 centaurs
  Blork the orc (D:5)
  A bullfrog (D:4)
  Dowan (D:4)
  2 jellies
  A centaur skeleton (D:4)
  3 orc priests
  A hound (D:5)
  5 iguanas
  4 orc wizards
  A bullfrog skeleton (D:5)
  Ijyb (D:5)
  3 worker ants
  A worker ant zombie (D:6)
  6 adders
  2 shadow imps
  An ooze (D:1)
  3 worms
  3 dart slugs (D:1)
  3 leopard geckos
  10 orcs
  4 ball pythons
  10 bats
  5 giant cockroaches
  4 goblins
  8 hobgoblins
  10 jackals
  11 kobolds
  A quokka (D:3)
  A ball python zombie (D:5)
  10 frilled lizards
  A jackal zombie (D:5)
  A leopard gecko skeleton (D:4)
  8 rats
135 creatures vanquished.

Notes
Turn   | Place    | Note
-------+----------+-------------------------------------------
     0 | D:1      | grandjackal the Demonspawn Gladiator began the quest for
                  | the Orb.
     0 | D:1      | Reached XP level 1. HP: 16/16 MP: 1/1
   248 | D:1      | Gained mutation: Your flesh is cold resistant. (rC+)
                  | [demonic ancestry]
   248 | D:1      | Reached XP level 2. HP: 22/22 MP: 2/2
   532 | D:1      | You fall into a shaft and drop 1 floor!
   724 | D:2      | Gained mutation: You have a pair of small horns on your
                  | head. [demonic ancestry]
   724 | D:2      | Reached XP level 3. HP: 20/28 MP: 3/3
  1638 | D:2      | You fall into a shaft and drop 2 floors!
  1665 | D:3      | Gained mutation: You are immune to freezing clouds.
                  | [demonic ancestry]
  1665 | D:3      | Reached XP level 4. HP: 21/34 MP: 4/4
  2859 | D:3      | Found a faded altar of an unknown god.
  2994 | D:3      | Reached XP level 5. HP: 38/41 MP: 5/5
  3773 | D:4      | Noticed Menkaure
  3902 | D:4      | Killed Menkaure
  3902 | D:4      | Gained mutation: A meltable icy envelope protects you from
                  | harm. (AC +10) [demonic ancestry]
  3902 | D:4      | Reached XP level 6. HP: 48/48 MP: 6/6
  4113 | D:4      | Noticed Duvessa
  4125 | D:4      | Noticed Dowan
  4144 | D:4      | Killed Duvessa
  4151 | D:4      | Killed Dowan
  4151 | D:4      | Reached XP level 7. HP: 20/55 MP: 1/7
  4691 | D:4      | Reached skill level 5 in Fighting
  4691 | D:4      | Reached skill level 5 in Long Blades
  4691 | D:4      | Reached skill level 5 in Dodging
  4770 | D:5      | Entered Level 5 of the Dungeon
  4925 | D:5      | Noticed Ijyb
  4928 | D:5      | Noticed Blork the orc
  4935 | D:5      | Killed Ijyb
  4941 | D:5      | Killed Blork the orc
  5235 | D:5      | Gained mutation: You have a pair of horns on your head.
                  | [demonic ancestry]
  5235 | D:5      | Reached XP level 8. HP: 56/63 MP: 8/8
  5509 | D:5      | Found a hazy altar of Hepliaklqana.
  5513 | D:5      | Found an ancient bone altar of Kikubaaqudgha.
  6335 | D:6      | Found an ornate altar of the Wu Jian Council.
  6520 | D:6      | Found a broken altar of Ashenzari.
  6590 | D:6      | Noticed Maggie
  6610 | D:6      | Blown up by Maggie

Illustrated notes

Levels and vault maps discovered:
D:1:      lordsloth_arrival_two_stooges, layout_basic
D:2:      layout_basic
D:3:      layout_rooms, chequers_ecumenical_altar_simple
D:4:      layout_gridville, grunt_decor_one_mirror, uniq_menkaure, uniq_duvessa
D:5:      layout_basic, gammafunk_temple_overflow_statue, uniq_blork_the_orc,
          uniq_ijyb
D:6:      layout_loops_ring, overflow_temple_1_default,
          ashenzari_conservatory_becter, minmay_temple_entry_stoned_glass,
          minmay_misc_feat_ornament, uniq_maggie

Skill      XL: |  1  2  3  4  5  6  7  8 |
---------------+-------------------------+-----
Long Blades    | 3 4 5 6 |  6.4
Dodging        | 3 4 5 6 |  6.4
Fighting       | 3 4 5 6 |  6.6
Throwing       | |  1.7

Action                   |  1- 3 |  4- 6 |  7- 9 || total
-------------------------+-------+-------+-------++-------
Melee: Long sword        |    96 |   168 |   211 ||   475
       Headbutt          |     7 |    29 |    57 ||    93
Throw: Throwing net      |       |       |     1 ||     1
  Use: Potion            |       |     3 |     1 ||     4
 Stab: Sleeping          |       |       |     3 ||     3
       Distracted        |       |       |     1 ||     1
Armor: Ring mail         |    53 |    53 |    61 ||   167
       Leather armour    |     2 |       |    26 ||    28
Dodge: Dodged            |   106 |   130 |   110 ||   346
       Rpst.: Long sword |    30 |    42 |    30 ||   102

Table legend: (Time is in decaauts)
 A = Elapsed time spent in this place.
 B = Non-inter-level travel time spent in this place.
 C = Inter-level travel time spent in this place.
 D = Time resting spent in this place.
 E = Time spent auto-exploring this place.
 F = Levels seen in this place.
 G = Mean time per level.
                   A        B        C        D        E       F      G
               +--------+--------+--------+--------+--------+-----+--------+
         Total |   6706 |   6590 |    116 |   2162 |   3194 |   6 | 1117.7 |
       Dungeon |   6706 |   6590 |    116 |   2162 |   3194 |   6 | 1117.7 |
               +--------+--------+--------+--------+--------+-----+--------+

Top non-repeatable levels by time:
     D:3: 1511 daAuts
     D:1: 1255 daAuts
     D:5: 1113 daAuts
     D:4: 1048 daAuts
     D:2: 1020 daAuts
     D:6: 756 daAuts
